 Dungeon Crawl Stone Soup version 0.30.1-4-g462c640d31 (webtiles) character file.

Game seed: 9500537841624371654

74426 jsudlow the Phalangite (level 15, 0/217 HPs)
             Began as a Minotaur Berserker on Aug 30, 2023.
             Was the Champion of Trog.
             Slain by a death yak (3 damage)
             ... while petrified by a catoblepas
             ... on level 5 of the Lair of Beasts.
             The game lasted 00:49:03 (17477 turns).

jsudlow the Phalangite (Minotaur Berserker)        Turns: 17477, Time: 00:49:04

Health: 0/217      AC: 17    Str: 35    XL:     15   Next: 6%
Magic:  14/14      EV:  2    Int:  4    God:    Trog [******]
Gold:   1447       SH:  0    Dex: 17    Spells: 14/14 levels left

rFire   . . .        o - +9 glaive "Veopog" {venom, *Corrode rC+ Str+4}
rCold   + + +        (shield currently unavailable)
rNeg    + + +        l - +7 Kryia's mail coat {PotionHeal*2 rC+}
rPois   ∞            (helmet restricted)
rElec   .            (no cloak)
rCorr   +            (no gloves)
SInv    .            L - +0 pair of boots of Dishonour {rC+ rCorr Str+3}
Will    +....        E - amulet of reflection Stlth
                     q - +5 ring of evasion
HPRegen 0.56/turn    e - +6 ring of dexterity
MPRegen 0.14/turn

%: corrode self (3%), reflection
@: berserking (expiring), petrified, studying Staves
A: horns 2, retaliatory headbutt
a: Renounce Religion, Berserk, Trog's Hand, Brothers in Arms


You were on level 5 of the Lair of Beasts.
You worshipped Trog.
Trog was exalted by your worship.
You visited 3 branches of the dungeon, and saw 21 of its levels.
You visited the Abyss 1 time.
You also visited: Ossuary.

You collected 2148 gold pieces.
You spent 701 gold pieces at shops.

Inventory:

Hand Weapons
 a - a +0 mace
 o - the +9 glaive "Veopog" (weapon) {venom, *Corrode rC+ Str+4}
   (You found it on level 3 of the Dungeon)

   Str:       It affects your strength (+4).
   rC:        It protects you from cold.
   *Corrode:  It may corrode you when you take damage.
 y - the +9 quarterstaff "Jyiwk" {protect, rF+ rN+ MP-9 Stlth+}
   (You found it on level 6 of the Dungeon)

   rF:        It protects you from fire.
   rN:        It protects you from negative energy.
   MP:        It affects your magic capacity (-9).
   Stlth:     It makes you more stealthy.
 K - a +0 hand axe
 T - the +9 battleaxe of Blind Justice {heavy, Will+ Str+3}
   (Trog gifted it to you on level 2 of the Lair of Beasts)

   Str:       It affects your strength (+3).
   Will:      It increases your willpower.
Missiles
 g - 9 throwing nets (quivered)
 w - an atropa-tipped dart
Armour
 l - the +7 Kryia's mail coat (worn) {PotionHeal*2 rC+}
   (You acquired it on level 7 of the Dungeon)

   PotionHeal*2: Potions heal its wearer twice as much.
   rC:        It protects you from cold.
 L - the +0 pair of boots of Dishonour (worn) {rC+ rCorr Str+3}
   (You bought it in a shop on level 2 of the Orcish Mines)

   Str:       It affects your strength (+3).
   rC:        It protects you from cold.
   rCorr:     It protects you from acid and corrosion.
 O - a scarf of shadows
Jewellery
 e - a +6 ring of dexterity (right hand)
 q - a +5 ring of evasion (left hand)
 s - an amulet of regeneration
 t - a ring of willpower
 v - a ring of resist corrosion
 C - a +4 ring of protection
 E - an amulet of reflection (around neck)
 N - a +6 ring of dexterity
 Q - a +6 ring of strength
 U - an amulet of guardian spirit
 W - a ring of flight
Wands
 d - a wand of paralysis (1)
 j - a wand of polymorph (27)
 z - a wand of iceblast (30)
 H - a wand of flame (28)
 V - a wand of mindburst (7)
Scrolls
 f - 4 scrolls of amnesia
 k - 7 scrolls of vulnerability
 p - 4 scrolls of fog
 u - 2 scrolls of immolation
 D - 2 scrolls of summoning
 F - a scroll of silence
 G - 5 scrolls of teleportation
 I - 6 scrolls of blinking
 J - 2 scrolls of magic mapping
 P - a scroll of enchant weapon
 S - 2 scrolls of brand weapon {unknown}
 Y - a scroll of fear
Potions
 b - 2 potions of resistance
 c - 5 potions of lignification
 h - 4 potions of berserk rage
 i - a potion of ambrosia
 m - 12 potions of curing
 n - a potion of haste {unknown}
 r - a potion of cancellation {unknown}
 x - 6 potions of attraction
 A - 7 potions of flight
 B - a potion of brilliance
 M - 4 potions of heal wounds
 R - a potion of invisibility {unknown}
 Z - a potion of magic {unknown}


   Skills:
 + Level 16.5 Fighting
 + Level 5.5 Maces & Flails
 + Level 22.0 Polearms
 + Level 0.4 Throwing
 + Level 12.2 Armour
 + Level 8.8 Dodging
 + Level 3.0 Stealth
 + Level 1.2 Shields


You had 14 spell levels left.
You didn't know any spells.
Your spell library was empty.

Dungeon Overview and Level Annotations

Branches:
Dungeon (14/15)            Temple (0/1) D:7            Lair (5/5) D:8
  Swamp (0/4) Lair:2       Spider (0/4) Lair:3        Slime (0/5) Lair:4
    Orc (2/2) D:9             Elf (0/3) Orc:2        Vaults (0/5) D:14
Ossuary (visited)

Altars:
Fedhas
Gozag
Makhleb
Okawaru
Ru
Yredelemnul
Zin
The Shining One
Lugonu

Shops:
D:2 [   D:4 =   D:5 :   D:7 **   Orc:2 [[**

Portals:
Abyss: D:4

Annotations:
D:14 exclusion: obsidian statue


Innate Abilities, Weirdness & Mutations

You have a pair of horns on your head.
You reflexively headbutt those who attack you in melee.


Message History

The death yak gores you but does no damage.
The death yak gores you.
The catoblepas breathes a plume of calcifying dust at you.
The blast of calcifying dust hits you.
The death yak gores you but does no damage.
A deep troll shaman comes into view.
The death yak gores you!
You are engulfed in calcifying dust.
The catoblepas gores you but does no damage.
The death yak gores you! x2
* * * LOW HITPOINT WARNING * * *
You are engulfed in calcifying dust.
The death yak is no longer petrified.
The death yak gores you!!
* * * LOW HITPOINT WARNING * * *
The catoblepas gores you!!
* * * LOW HITPOINT WARNING * * *
The death yak gores you!
* * * LOW HITPOINT WARNING * * *
The death yak gores you!
* * * LOW HITPOINT WARNING * * *
You are engulfed in calcifying dust.
The death yak gores you but does no damage.
The catoblepas gores you!
* * * LOW HITPOINT WARNING * * *
The death yak gores you but does no damage.
The death yak gores you!
* * * LOW HITPOINT WARNING * * *
You are engulfed in calcifying dust.
You kill the death yak!
Trog accepts your kill. The catoblepas gores you!!
* * * LOW HITPOINT WARNING * * *
The death yak gores you!
* * * LOW HITPOINT WARNING * * *
The death yak gores you but does no damage.
You are engulfed in calcifying dust.
The catoblepas breathes a plume of calcifying dust at you.
The blast of calcifying dust hits you but does no damage.
The death yak gores you!
You die...

##..# #...#
... #P..# ..#
. #...# ..##
.. #P.P#
...#..8
##..##.....÷.
##..#......#
##.#YT..#
#.@YY.#
#.§†Y.##
#§PP......
##..P#####
#.### ###


You could see a dire elephant, 2 death yaks, a catoblepas and a deep troll
shaman.

Vanquished Creatures
  2 tentacled starspawn (Abyss:2)
  Donald (Orc:2)
  An ironbound preserver (D:14)
  Josephine (Lair:3)
  An ettin (Orc:2)
  3 hydras
  A rakshasa (D:14)
  Erica (D:9)
  2 centaur warriors (D:14)
  6 two-headed ogres
  A tengu warrior (D:14)
  7 death yaks
  5 orc high priests (Orc:2)
  A storm dragon zombie (Abyss:2)
  Nergalle (Orc:1)
  Sonja (D:11)
  4 skeletal warriors (D:14)
  A bog body (Lair:2)
  A flayed ghost (Abyss:2)
  Pikel (D:5)
  8 orc knights (Orc:2)
  A wolf spider (Lair:3)
  A deep elf pyromancer (D:13)
  An orc sorcerer (Orc:2)
  2 ugly things (D:13)
  5 manticores
  3 cyclopes
  10 elephants
  Maurice (Orc:1)
  5 black mambas
  2 gargoyles
  Joseph (D:7)
  7 cane toads
  Psyche (D:11)
  2 rime drakes
  7 komodo dragons
  A kobold demonologist (D:11)
  2 ancient zymes (Abyss:2)
  A polar bear (Lair:5)
  5 trolls
  13 blink frogs
  16 slime creatures
  2 shadows
  7 wraiths
  A wyvern (Lair:1)
  34 yaks
  A steam dragon (D:9)
  A chaos spawn (Abyss:2)
  5 vampire mosquitoes
  2 redbacks (Lair:3)
  Grum (D:7)
  Menkaure (D:5)
  3 swamp worms (Lair:2)
  A warg (Orc:1)
  A small abomination (Abyss:2)
  Duvessa (D:5)
  2 acid dragons (D:10)
  2 two-headed ogre zombies (D:9)
  11 water moccasins
  4 black bears
  3 ice beasts
  37 orc warriors
  A sky beast (D:8)
  4 ogres
  17 wolves
  10 centaurs
  A lemure (D:5)
  4 phantoms
  9 kobold brigands
  10 bullfrogs
  6 gnoll sergeants
  2 scorpions
  Dowan (D:5)
  8 killer bees
  A troll zombie (D:9)
  2 howler monkeys (D:12)
  4 electric eels
  A lava snake (D:7)
  A human zombie (Ossuary)
  A centaur zombie (Ossuary)
  2 iron imps (D:14)
  31 orc priests
  3 gnoll boudas
  12 hounds
  2 jellies
  A sleepcap (D:4)
  7 iguanas
  15 orc wizards
  4 hell rats (Lair:4)
  5 ogre zombies (D:9)
  3 mummies
  38 gnolls
  8 adders
  A shadow imp (D:14)
  2 white imps (D:5)
  An ufetubus (D:14)
  A worm (D:4)
  2 dart slugs
  72 orcs
  5 endoplasms
  4 giant cockroaches
  10 goblins
  5 hobgoblins
  8 jackals
  7 quokkas
  5 ball pythons
  10 bats
  9 frilled lizards
  2 goblin skeletons (D:9)
  A goblin zombie (D:9)
  2 hobgoblin skeletons (D:9)
  8 hobgoblin zombies
  2 jackal zombies (Ossuary)
  29 kobolds
  9 kobold zombies (Ossuary)
  4 orc skeletons (D:9)
  27 orc zombies
  8 rats
  4 rat zombies (Ossuary)
  A starspawn tentacle (Abyss:2)
710 creatures vanquished.

Vanquished Creatures (others)
  A gnoll (D:7)
  A lurking horror (Abyss:2)
  6 starspawn tentacles (Abyss:2)
8 creatures vanquished.

Grand Total: 718 creatures vanquished

Notes
Turn   | Place    | Note
-------+----------+-------------------------------------------
     0 | D:1      | jsudlow the Minotaur Berserker began the quest for the Orb.
     0 | D:1      | Reached XP level 1. HP: 19/19 MP: 0/0
    45 | D:1      | Found a faded altar of an unknown god.
   149 | D:1      | Reached XP level 2. HP: 27/27 MP: 1/1
   941 | D:2      | Found a sacrificial altar of Ru.
   962 | D:2      | Reached XP level 3. HP: 22/33 MP: 2/2
  1018 | D:2      | Found Yzytha Fugh's Antique Armour Boutique.
  1107 | D:2      | Reached ** piety under Trog
  2109 | D:3      | Reached skill level 5 in Maces & Flails
  2109 | D:3      | Reached XP level 4. HP: 31/41 MP: 3/3
  2160 | D:3      | Identified the +9 glaive "Veopog" {venom, *Corrode rC+
                  | Str+4}
  2809 | D:4      | Noticed a phantom
  2816 | D:4      | Killed a phantom
  2817 | D:4      | Reached skill level 1 in Polearms
  2817 | D:4      | Reached XP level 5. HP: 42/47 MP: 4/4
  2971 | D:4      | Reached skill level 1 in Stealth
  2994 | D:4      | Reached skill level 2 in Polearms
  3000 | D:4      | Found a large runed translucent door.
  3000 | D:4      | Found a large runed translucent door.
  3001 | D:4      | Found a corrupted altar of Lugonu.
  3035 | D:4      | Found Qocixua's Jewellery Emporium.
  3040 | D:4      | Reached *** piety under Trog
  3041 | D:4      | Reached skill level 5 in Fighting
  3041 | D:4      | Reached XP level 6. HP: 56/56 MP: 5/5
  3043 | D:4      | Bought a ring of resist corrosion for 240 gold pieces
  3120 | D:4      | Reached skill level 3 in Polearms
  3228 | D:4      | Found a one-way gate to the infinite horrors of the Abyss.
  3394 | D:5      | Entered Level 5 of the Dungeon
  3394 | D:5      | Noticed Menkaure
  3399 | D:5      | Killed Menkaure
  3400 | D:5      | Reached skill level 4 in Polearms
  3464 | D:5      | Reached XP level 7. HP: 59/61 MP: 6/6
  3485 | D:5      | Reached skill level 5 in Polearms
  3581 | D:5      | Noticed Pikel
  3592 | D:5      | Killed Pikel
  3593 | D:5      | Reached skill level 7 in Polearms
  3593 | D:5      | Reached XP level 8. HP: 69/70 MP: 7/7
  3667 | D:5      | Reached skill level 8 in Polearms
  3864 | D:5      | Found an iron altar of Okawaru.
  3864 | D:5      | Found a burning altar of Makhleb.
  3864 | D:5      | Noticed Dowan
  3865 | D:5      | Noticed Duvessa
  3876 | D:5      | Killed Duvessa
  3879 | D:5      | Killed Dowan
  3953 | D:5      | Found Akkimol's Tiny Tomes.
  4057 | D:6      | Noticed a two-headed ogre
  4062 | D:6      | Killed a two-headed ogre
  4063 | D:6      | Reached skill level 10 in Polearms
  4063 | D:6      | Reached skill level 5 in Armour
  4063 | D:6      | Reached XP level 9. HP: 53/79 MP: 8/8
  4147 | D:6      | Identified the +9 quarterstaff "Jyiwk" {protect, rF+ rN+
                  | MP-9 Stlth+}
  4502 | D:6      | Reached skill level 11 in Polearms
  4958 | D:7      | Found a blossoming altar of Fedhas.
  4960 | D:7      | Found Gurauru's Assorted Antiques.
  4999 | D:7      | Found an opulent altar of Gozag.
  5027 | D:7      | Reached **** piety under Trog
  5045 | D:7      | Found Rounleab's General Store.
  5082 | D:7      | Found a staircase to the Ecumenical Temple.
  5090 | D:7      | Found a sand-covered staircase.
  5100 | Ossuary  | Entered an ossuary
  5207 | Ossuary  | Reached skill level 12 in Polearms
  5213 | Ossuary  | Reached ***** piety under Trog
  5373 | D:7      | Noticed Joseph
  5563 | D:7      | Noticed Grum
  5566 | D:7      | Killed Grum
  5567 | D:7      | Reached XP level 10. HP: 89/89 MP: 9/9
  5703 | D:7      | Killed Joseph
  6343 | D:7      | Bought a scroll of identify for 46 gold pieces
  6343 | D:7      | Bought a metallic golden potion for 20 gold pieces
  6343 | D:7      | Identified a scroll of acquirement
  6345 | D:7      | Acquired the +7 Kryia's mail coat {PotionHeal*2 rC+}
  6345 | D:7      | Found the +7 Kryia's mail coat {PotionHeal*2 rC+}
  6443 | D:8      | Reached skill level 13 in Polearms
  6614 | D:8      | Found a basalt altar of Yredelemnul.
  6640 | D:8      | Noticed a two-headed ogre
  6645 | D:8      | Reached skill level 14 in Polearms
  6647 | D:8      | Reached skill level 5 in Dodging
  6649 | D:8      | Killed a two-headed ogre
  6658 | D:8      | Reached XP level 11. HP: 86/99 MP: 10/10
  6721 | D:8      | Found a staircase to the Lair.
  6735 | D:8      | Found a glowing silver altar of Zin.
  6739 | D:8      | Received a gift from Trog
  6996 | D:8      | Found a glowing golden altar of the Shining One.
  7158 | D:9      | Found a staircase to the Orcish Mines.
  7173 | D:9      | Reached skill level 15 in Polearms
  7283 | D:9      | Reached ****** piety under Trog
  7289 | D:9      | Reached skill level 10 in Fighting
  7344 | D:9      | Noticed Erica
  7354 | D:9      | Killed Erica
  7844 | D:10     | Entered Level 10 of the Dungeon
  8323 | D:10     | Received a gift from Trog
  8530 | D:11     | Identified the +0 scale mail of a Billion Emperors {rPois
                  | SInv}
  8622 | D:11     | Noticed a two-headed ogre
  8627 | D:11     | Killed a two-headed ogre
  8628 | D:11     | Reached skill level 16 in Polearms
  8660 | D:11     | Noticed Sonja
  8664 | Abyss:2  | Cast into level 2 of the Abyss (Sonja)
  8690 | Abyss:2  | Found a corrupted altar of Lugonu.
  8756 | Abyss:2  | Noticed a flayed ghost
  8757 | Abyss:2  | Noticed a tentacled starspawn
  8768 | Abyss:2  | Noticed a large abomination
  8778 | Abyss:2  | Noticed a tentacled starspawn
  8784 | Abyss:2  | Killed a flayed ghost
  8789 | Abyss:2  | Killed a tentacled starspawn
  8792 | Abyss:2  | Killed a tentacled starspawn
  8793 | Abyss:2  | Reached skill level 17 in Polearms
  8793 | Abyss:2  | Reached XP level 12. HP: 24/110 MP: 11/11
  8797 | D:11     | Escaped the Abyss
  8809 | D:11     | Killed Sonja
  8999 | D:11     | Noticed Psyche
  9014 | D:11     | Killed Psyche
  9464 | Orc:1    | Entered Level 1 of the Orcish Mines
  9519 | Orc:1    | Noticed Maurice
  9525 | Orc:1    | Killed Maurice
  9640 | Orc:1    | Noticed Nergalle
  9653 | Orc:1    | Killed Nergalle
  9878 | Orc:2    | Entered Level 2 of the Orcish Mines
  9878 | Orc:2    | Noticed an ettin
  9883 | Orc:2    | Killed an ettin
 10035 | Orc:2    | Reached skill level 18 in Polearms
 10046 | Orc:2    | HP: 7/168 [orc priest/divine providence (12)]
 10169 | Orc:2    | Noticed Donald
 10183 | Orc:2    | Killed Donald
 10648 | Orc:2    | Received a gift from Trog
 10776 | Orc:2    | Noticed an orc high priest
 10791 | Orc:2    | Killed an orc high priest
 10853 | Orc:2    | Noticed an orc high priest
 10874 | Orc:2    | Killed an orc high priest
 10875 | Orc:2    | Reached skill level 19 in Polearms
 10875 | Orc:2    | Reached XP level 13. HP: 87/119 MP: 12/12
 11085 | Orc:2    | Reached skill level 10 in Armour
 11218 | Orc:2    | Found Cidda's Assorted Antiques.
 11218 | Orc:2    | Found Paiqul Ixt's Armour Shoppe.
 11219 | Orc:2    | Found Tocymouh's General Store.
 11219 | Orc:2    | Found Otuasig's Armour Shoppe.
 11235 | Orc:2    | Bought the +0 pair of boots of Dishonour {rC+ rCorr Str+3}
                  | for 395 gold pieces
 11284 | Orc:2    | Found a staircase to the Elven Halls.
 11812 | D:12     | Found a basalt altar of Yredelemnul.
 12251 | D:12     | Reached skill level 20 in Polearms
 13143 | D:14     | Received a gift from Trog
 13281 | D:14     | Found a gate to the Vaults.
 13281 | D:14     | Noticed an ironbound preserver
 13291 | D:14     | Killed an ironbound preserver
 13318 | D:14     | Reached XP level 14. HP: 100/133 MP: 13/13
 13575 | Lair:1   | Entered Level 1 of the Lair of Beasts
 14362 | Lair:2   | Reached skill level 21 in Polearms
 14368 | Lair:2   | Reached skill level 15 in Fighting
 14794 | Lair:2   | Identified the +9 battleaxe of Blind Justice {heavy, Will+
                  | Str+3} (Trog gifted it to you on level 2 of the Lair of
                  | Beasts)
 14794 | Lair:2   | Received a gift from Trog
 14838 | Lair:2   | Found a staircase to the Swamp.
 15667 | Lair:3   | Noticed Josephine
 15676 | Lair:3   | Killed Josephine
 15748 | Lair:3   | Found a hole to the Spider Nest.
 16857 | Lair:4   | Found a staircase to the Slime Pits.
 17312 | Lair:5   | Entered Level 5 of the Lair of Beasts
 17360 | Lair:5   | Reached XP level 15. HP: 120/145 MP: 14/14
 17361 | Lair:5   | Reached skill level 22 in Polearms
 17461 | Lair:5   | Reached skill level 1 in Shields
 17476 | Lair:5   | HP: 8/217 [catoblepas (10)]
 17476 | Lair:5   | HP: 2/217 [death yak (6)]
 17477 | Lair:5   | Slain by a death yak

Illustrated notes

Levels and vault maps discovered:
D:1:      shiori_arrival_maze, layout_basic,
          shapermc_ecumenical_altar_starsandcircs
D:2:      layout_rooms, basic_altar, serial_shops, nicolae_shop_statue_plus,
          guppyfry_early_lair_pool
D:3:      layout_loops_corners, serial_rivers, chequers_serial_rivers_marsh,
          chequers_serial_rivers_marsh, chequers_serial_rivers_small_b,
          chequers_serial_rivers_small_b, chequers_serial_rivers_micro_c,
          eino_tiny_chamber
D:4:      due_chaos_kobolds, layout_cave_pools, serial_shops, shop
D:5:      layout_loops_ring, gammafunk_temple_overflow_pools,
          minmay_strange_pillars, dk_noncrumbling_4, grunt_ministairs_2,
          nicolae_shop_i_like_small_books_too, uniq_pikel, uniq_menkaure,
          uniq_duvessa
D:6:      black_bear_nest_2, layout_cave_pods
D:7:      layout_cave_pools, mainiacjoe_overflow_boulevard, fedhas_altar_1,
          minmay_temple_entry_mist, gup_ossuary_entry_pyramid,
          serial_gnoll_camp, gnoll_camp_mini_shop, gnoll_camp_mini_basic,
          gnoll_camp_mini_sergeant, grums_kennel, gnoll_camp_huts_moat,
          gnoll_camp_mini_basic, nicolae_inconvenience_store, uniq_joseph
D:8:      layout_cave_pools, tso_altar, mainiacjoe_overflow_catwalk,
          nicolae_overflow_hidden_temple, lair_entry_dummy, minmay_lizard_king
D:9:      layout_small_grid, zombieorc2_lemuel, minmay_misc_feat_rugged,
          uniq_erica
D:10:     layout_roguey, kennysheep_generic_room_14
D:11:     layout_irregular_city, uniq_psyche, uniq_sonja
D:12:     layout_loops_ring, yredelemnul_altar_generic
D:13:     layout_roguey, serial_bayou_ford_a
D:14:     kennysheep_kobold_grotto, layout_gridville,
          skrybe_vaults_entry_preservation, minivault_25, special_room
          [special_room_mythical_zoo], grunt_gozag_breadcrumbs, uniq_nessos
Lair:1:   layout_roguey, guppyfry_lair_drakes, grunt_megastairs_4,
          lemuel_fruit_tree
Lair:2:   layout_cave_pods, nicolae_swamp_entry_splash_gauntlet,
          beast_lair_carwin_2, serial_bayou_shore_b
Lair:3:   layout_loops_ring, spider_nest_entry_funnel_web, beast_lair_carwin_10,
          uniq_josephine
Lair:4:   layout_big_grid, slime_entry_1, st_stairs_11, grunt_megastairs_5,
          lemuel_fruit_fields
Lair:5:   grunt_lair_end_beastmaster, layout_small_grid
Orc:1:    layout_caves, basic_altar, uniq_nergalle, uniq_maurice
Orc:2:    st_orc_pillars, layout_caves, uniq_donald

Skill      XL: |  1  2  3  4  5  6  7  8  9 10 11 12 13 14 15 |
---------------+----------------------------------------------+-----
Fighting       | 4 5 6 7 8 9 11 12 14 16 | 16.5
Maces & Flails | 4 5 |  5.5
Polearms       | 1 2 4 7 10 12 14 17 19 20 21 22 | 22.0
Dodging        | 3 4 5 6 7 8 |  8.8
Stealth        | 1 2 3 |  3.0
Armour         | 3 4 5 6 7 8 9 10 12 | 12.2
Shields        | 1 |  1.2
Throwing       | |  0.4

Action                     |  1- 3 |  4- 6 |  7- 9 | 10-12 | 13-15 || total
---------------------------+-------+-------+-------+-------+-------++-------
  Melee: Mace              |    91 |     3 |       |       |       ||    94
         Headbutt          |    18 |     8 |    12 |    66 |   103 ||   207
         Glaive            |       |    54 |   205 |   579 |   671 ||  1509
  Throw: Throwing net      |       |       |       |     3 |       ||     3
         Dart              |       |       |       |     2 |       ||     2
 Invoke: Berserk           |       |       |     1 |     5 |     3 ||     9
    Use: Scroll            |     7 |     1 |     9 |     8 |     3 ||    28
         Potion            |     3 |     1 |     2 |     4 |       ||    10
   Stab: Sleeping          |     2 |     1 |       |       |       ||     3
 Armour: Animal skin       |    22 |       |       |       |       ||    22
         Leather armour    |     3 |       |       |       |       ||     3
         Ring mail         |       |    11 |    25 |       |       ||    36
         Chain mail        |       |       |    22 |    20 |       ||    42
         Scale mail        |       |       |       |   143 |   178 ||   321
  Dodge: Dodged            |    56 |    40 |   130 |   303 |   309 ||   838
  Block: Other             |       |       |       |       |    17 ||    17
